 Dungeon Crawl Stone Soup version 0.18-a0-1211-g828307d (webtiles) character file.

4 ololoev the Firebug (level 1, -1/10 HPs)
             Began as a Deep Elf Fire Elementalist on Feb 2, 2016.
             Slain by a gnoll (7 damage)
             ... on level 3 of the Dungeon.
             The game lasted 00:01:20 (148 turns).

ololoev the Firebug (Deep Elf Fire Elementalist)     Turns: 148, Time: 00:01:21

Health: -1/10      AC:  2    Str:  5    XL:     1   Next: 50%
Magic:  3/6        EV: 13    Int: 19    God:
Gold:   31         SH:  0    Dex: 15    Spells: 1 memorised, 5 levels left

rFire  . . .     SeeInvis .     (no weapon)
rCold  . . .     Gourm    .     a - +0 robe
rNeg   . . .     Faith    .     (no shield)
rPois  .         Spirit   .     (no helmet)
rElec  .         Dismiss  .     (no cloak)
rCorr  .         Reflect  .     (no gloves)
SustAt .         Harm     .     (no boots)
MR     .....                    (no amulet)
Stlth  ++........               (no ring)
                                (no ring)

@: very slightly contaminated, not resistant to hostile enchantments, unstealthy
A: no striking features
a: no special abilities

Inventory:

Armour
 a - a +0 robe (worn)
Scrolls
 d - a scroll of teleportation {unknown}
 e - a scroll of noise {unknown}
Books
 b - a book of Flames

   Spells                             Type                      Level
   a - Flame Tongue                   Conjuration/Fire             1
   b - Throw Flame                    Conjuration/Fire             2
   c - Conjure Flame                  Conjuration/Fire             3
   d - Inner Flame                    Hexes/Fire                   3
   e - Sticky Flame                   Conjuration/Fire             4
   f - Fireball                       Conjuration/Fire             5
Comestibles
 c - a bread ration


   Skills:
 - Level 2.4 Dodging
 - Level 2.4 Stealth
 + Level 3.2 Spellcasting
 * Level 1.2 Conjurations
 + Level 3.4 Fire Magic


You had 5 spell levels left.
You knew the following spells:

 Your Spells              Type           Power        Failure   Level  Hunger
a - Flame Tongue          Conj/Fire      ##...        8%          1    None


You were on level 3 of the Dungeon.
You were not hungry.

You visited 1 branch of the dungeon, and saw 3 of its levels.

You collected 31 gold pieces.

#...g....# #.#.#
###+#'###.# #.#<#
#.......g.# #...#
#.........# #.#†#
#.......(#############.#
#......g.#...........#.#
#######.g#.†.........'.#
#.g#..#######..###
#.@#..#.....#..#
#..#..#.###.#.[#
#..#..#.###.#..#
#..#..#...#.#..#
#..#..#####.#..#
##.#........#..#
#.#.########..#
#.'...........#
###...........#

Notes
Turn   | Place    | Note
--------------------------------------------------------------
     0 | D:1      | ololoev the Deep Elf Fire Elementalist began the quest for the Orb.
     0 | D:1      | Reached XP level 1. HP: 10/10 MP: 6/6
   148 | D:3      | Slain by a gnoll

Dungeon Overview and Level Annotations

Branches:
Dungeon (3/15)

Altars:


Message History

Aim: an orc (lightly wounded)
The flame tongue hits the orc.
You kill the orc!
You open the door.
There is an open door here.
Found 9 poisoned arrows.
Found a scroll labeled HARCHI XEWABO.
You see here 9 poisoned arrows.
e - a scroll labeled HARCHI XEWABO As you open the door, it creaks loudly!
You hear a shout! x2
Found a stone staircase leading down.
A gnoll comes into view. 3 gnolls come into view.
The gnoll shouts!
The gnoll hits you from afar with a spear.
There is an open door here.
Casting: Flame Tongue
Confirm with . or Enter, or press ? or * to list all spells.
Aiming: Flame Tongue
Press: ? - help, Shift-Dir - straight line, f - gnoll
Aim: a gnoll The flame tongue hits the gnoll.
The gnoll is lightly wounded.
Casting: Flame Tongue
Confirm with . or Enter, or press ? or * to list all spells.
Aiming: Flame Tongue
Press: ? - help, Shift-Dir - straight line, f/p - gnoll
Aim: a gnoll (lightly wounded)
The flame tongue hits the gnoll.
The gnoll is heavily wounded.
Casting: Flame Tongue
Confirm with . or Enter, or press ? or * to list all spells.
Aiming: Flame Tongue
Press: ? - help, Shift-Dir - straight line, f/p - gnoll
Aim: a gnoll (heavily wounded)
You miscast Flame Tongue.
You are very lightly contaminated with residual magic.
Strange energies run through your body. The gnoll hits you!
Ouch! That really hurt!
You die...

You could see 4 gnolls.

Vanquished Creatures
  An orc (D:3)
  A hobgoblin (D:2)
  A rat (D:3)
3 creatures vanquished.

Action                   || total
-------------------------++-------
 Cast: Flame Tongue      ||     6

Vault maps used:
D:1:      dpeg_arrival_water_temple_mockup, hangedman_abyss_or_decor_stabs
D:2:      nicolae_overflow_hidden_temple
D:3:      tgw_sif, kennysheep_small_spiral
